 Dungeon Crawl Stone Soup version 0.19.0-1-g5985abe (webtiles) character file.

210 kae the Firebug (level 5, -1/28 HPs)
             Began as a Tengu Fire Elementalist on Nov 2, 2016.
             Slain by a gnoll zombie (6 damage)
             ... in an ossuary.
             The game lasted 00:04:35 (3161 turns).

kae the Firebug (Tengu Fire Elementalist)           Turns: 3161, Time: 00:04:36

Health: -1/28      AC:  2    Str:  8    XL:     5   Next: 88%
Magic:  9/10       EV: 13    Int: 16    God:
Gold:   146        SH:  0    Dex: 15    Spells: 3 memorised, 3 levels left

rFire  . . .     SeeInvis .     h - +0 short sword (venom)
rCold  . . .     Gourm    .     a - +0 robe
rNeg   . . .     Faith    .     (no shield)
rPois  .         Spirit   .     (helmet restricted)
rElec  .         Reflect  .     (no cloak)
rCorr  .         Harm     .     (no gloves)
MR     .....                    (boots unavailable)
Stlth  ++........               (no amulet)
                                (no ring)
                                (no ring)

@: no status effects
A: beak, talons 3, able to fly 1
a: Fly


You were in an ossuary.
You were not hungry.

You visited 1 branch of the dungeon, and saw 4 of its levels.
You also visited: Ossuary.

You collected 146 gold pieces.

Inventory:

Hand Weapons
 f - a +0 dagger of venom
 h - a +0 short sword of venom (weapon)
Armour
 a - a +0 robe (worn)
Wands
 d - a wand of acid (5/15)
 l - a wand of flame (23/48)
Scrolls
 o - a scroll of enchant weapon {unknown}
Potions
 e - a potion of curing
 g - 2 potions of cure mutation
 j - 3 potions of haste {unknown}
 k - a potion of invisibility {unknown}
 m - a potion of agility {unknown}
 p - a potion of heal wounds {unknown}
Books
 b - a book of Flames

   Spells                             Type                      Level
   a - Flame Tongue                   Conjuration/Fire             1
   b - Throw Flame                    Conjuration/Fire             2
   c - Conjure Flame                  Conjuration/Fire             3
   d - Inner Flame                    Hexes/Fire                   3
   e - Sticky Flame                   Conjuration/Fire             4
   f - Fireball                       Conjuration/Fire             5
Comestibles
 c - 3 bread rations
 i - 2 meat rations


   Skills:
 - Level 2.1 Dodging
 - Level 2.0 Stealth
 + Level 2.9 Spellcasting
 * Level 4.2 Conjurations
 * Level 5.4 Fire Magic


You had 3 spell levels left.
You knew the following spells:

 Your Spells              Type           Power        Failure   Level  Hunger
a - Flame Tongue          Conj/Fire      ###..        2%          1    #......
b - Throw Flame           Conj/Fire      ###...       4%          2    ##.....
c - Conjure Flame         Conj/Fire      ###.....     10%         3    ###....


Dungeon Overview and Level Annotations

Branches:
Dungeon (4/15)
 Temple: D:4-7

Altars:


Innate Abilities, Weirdness & Mutations

You have a beak for a mouth.
You have claws for feet.
You can fly.


Message History

You finish eating.
That bread ration really hit the spot!
You avoid triggering an arrow trap.
There is an arrow trap here.
An arrow shoots out and hits you!
You found a needle trap!
There is an arrow trap here.
You open the door. 5 zombies come into view.
An arrow shoots out and hits you! The gnoll zombie hits you.
* * * LOW HITPOINT WARNING * * *
The adder zombie moves out of view.
There is an arrow trap here.
Casting: Flame Tongue
Confirm with . or Enter, or press ? or * to list all spells.
Aiming: Flame Tongue
Press: ? - help, Shift-Dir - straight line, f - gnoll zombie
Aim: a gnoll zombie The flame tongue hits the gnoll zombie.
The gnoll zombie is moderately damaged.
The gnoll zombie hits you.
You die...

#### #########
+....#@^.'...#
#..ZZZ^^.#...#
#....#.^.#...#
##########'###
#^^^# #^^.#
#^^^# #...#
##'##


You could see a hobgoblin zombie, a gnoll zombie and an orc zombie.

Vanquished Creatures
  A centaur zombie (D:4)
  2 big kobold zombies (Ossuary)
  A mummy (D:4)
  4 adders
  3 adder zombies (Ossuary)
  2 worms
  A dart slug (D:1)
  5 leopard geckos
  4 orcs (D:3)
  A giant cockroach (D:1)
  6 hobgoblins
  5 jackals
  6 bats
  4 frilled lizards
  2 gnoll zombies (Ossuary)
  9 goblins
  4 hobgoblin zombies (Ossuary)
  7 kobolds
  A kobold zombie (Ossuary)
  An orc zombie (Ossuary)
  7 rats
76 creatures vanquished.

Notes
Turn   | Place    | Note
-------+----------+-------------------------------------------
     0 | D:1      | kae the Tengu Fire Elementalist began the quest for the Orb.
     0 | D:1      | Reached XP level 1. HP: 10/10 MP: 4/4
   383 | D:1      | Reached XP level 2. HP: 14/15 MP: 6/6
   711 | D:1      | Reached XP level 3. HP: 17/19 MP: 5/7
   823 | D:1      | Reached skill level 4 in Fire Magic
   944 | D:2      | Learned a level 2 spell: Throw Flame
   948 | D:2      | Learned a level 3 spell: Conjure Flame
  1655 | D:3      | Reached XP level 4. HP: 20/24 MP: 8/8
  2504 | D:4      | Reached skill level 5 in Fire Magic
  2504 | D:4      | Gained mutation: You can fly. [Tengu growth]
  2504 | D:4      | Reached XP level 5. HP: 12/28 MP: 5/10
  2583 | D:4      | Found a sand-covered staircase.
  2645 | Ossuary  | Entered an ossuary
  3161 | Ossuary  | Slain by a gnoll zombie

Skill      XL: |  1  2  3  4  5 |
---------------+----------------+-----
Conjurations   | 2 3 4 |  4.2
Fire Magic     | 4 5 |  5.4
Dodging        | |  2.1
Stealth        | |  2.0
Spellcasting   | |  2.9

Action                   |  1- 3 |  4- 6 || total
-------------------------+-------+-------++-------
Melee: Dagger            |    24 |       ||    24
       Unarmed           |    10 |       ||    10
       Kick              |    14 |    20 ||    34
       Peck              |     7 |     7 ||    14
       Short sword       |    38 |    70 ||   108
 Cast: Flame Tongue      |    38 |    52 ||    90
       Throw Flame       |     2 |     6 ||     8
       Conjure Flame     |       |     1 ||     1
  Use: Scroll            |     5 |       ||     5
 Stab: Sleeping          |     3 |     1 ||     4
  Eat: Chunk             |     2 |     5 ||     7
       Bread ration      |       |     1 ||     1
Armor: Robe              |    25 |     9 ||    34
Dodge: Dodged            |    56 |    62 ||   118
